 Dungeon Crawl Stone Soup version 0.21-a0-498-g1b60429 (webtiles) character file.

53038 Megalobster the Severer (level 14, -11/189 HPs)
             Began as a Hill Orc Fighter on Nov 24, 2017.
             Was a High Priest of Trog.
             Killed from afar by a lindwurm (17 damage)
             ... with a blast of flame
             ... on level 6 of the Lair of Beasts.
             The game lasted 01:07:20 (18226 turns).

Megalobster the Severer (Hill Orc Fighter)         Turns: 18226, Time: 01:07:21

Health: -11/189    AC: 27    Str: 28    XL:     14   Next: 66%
Magic:  0/6        EV:  2    Int:  8    God:    Trog [*****.]
Gold:   1075       SH:  0    Dex: 11    Spells: 13/13 levels left

rFire    . . .     SeeInvis .   O - +3 executioner's axe (antimagic)
rCold    . . .     Gourm    .   (shield currently unavailable)
rNeg     + + +     Faith    .   (armour currently unavailable)
rPois    +         Spirit   +   (helmet currently unavailable)
rElec    .         Reflect  .   (cloak currently unavailable)
rCorr    .         Harm     .   (gloves currently unavailable)
MR       ++...     NoTele   +   (boots currently unavailable)
Stlth    +.........             v - amulet of guardian spirit
HPRegen  0.41/turn              k - ring of protection from magic
MPRegen  0.10/turn              L - ring of poison resistance

@: mighty, lethally poisoned (-11 -> -12), tree-form, berserk cooldown, slowed,
very slow
A: no striking features
a: Berserk, Trog's Hand, Brothers in Arms, Burn Spellbooks, Renounce Religion


You were on level 6 of the Lair of Beasts.
You worshipped Trog.
Trog was extremely pleased with you.
You were very hungry.
You were a tree.
You visited 3 branches of the dungeon, and saw 16 of its levels.
You also visited: Bailey and Ice Cave.

You collected 1458 gold pieces.
You spent 383 gold pieces at shops.

Inventory:

Hand Weapons
 a - a +2 battleaxe of freezing
 b - a +1 flail of protection
 A - a +0 war axe
 O - a +3 antimagic executioner's axe (weapon)
Missiles
 h - 304 stones
 i - 4 javelins
 J - 16 tomahawks (quivered)
Armour
 j - a +0 pair of boots (melded)
 r - a +2 scale mail of cold resistance (melded)
 K - a +1 helmet (melded)
 Q - +0 fire dragon scales
Jewellery
 k - a ring of protection from magic (left branch)
 v - an amulet of guardian spirit (around neck)
 w - a +4 ring of evasion
 x - a cursed -3 ring of intelligence {unknown}
 L - a ring of poison resistance (right branch)
Wands
 H - a wand of acid (16)
 M - a wand of digging (17)
 N - a wand of iceblast (39)
 P - a wand of disintegration (13)
Scrolls
 e - 7 scrolls of remove curse
 g - a scroll of brand weapon {unknown}
 p - 5 scrolls of blinking
 t - a scroll of enchant armour
 y - 12 scrolls of teleportation
 z - 2 scrolls of immolation {unknown}
 C - 4 scrolls of fog
 G - a scroll of silence
 S - a scroll of summoning {unknown}
 T - a scroll of vulnerability {unknown}
 U - a scroll of torment {unknown}
 V - a scroll of magic mapping {unknown}
Potions
 l - a potion of resistance
 m - 5 potions of curing
 n - 5 potions of ambrosia
 q - a potion of flight
 B - 2 potions of haste
 D - a potion of heal wounds
 F - a potion of agility
 I - 2 potions of lignification
 R - a potion of cancellation
 X - a potion of brilliance {unknown}
Books
 s - a book of Air

   Spells                             Type                      Level
   a - Shock                          Conjuration/Air              1
   b - Swiftness                      Charms/Air                   2
   c - Static Discharge               Conjuration/Air              3
   d - Airstrike                      Air                          4
   e - Lightning Bolt                 Conjuration/Air              5
   Trog disapproves of the use of such an item.
Miscellaneous
 E - a lamp of fire
Comestibles
 c - 12 chunks of flesh
 f - 9 bread rations
 o - 8 meat rations
 u - 22 fruits


   Skills:
 - Level 12.0 Fighting
 * Level 17.5 Axes
 - Level 7.5 Throwing
 - Level 11.2 Armour
 + Level 8.0 Dodging
   Level 6.8 Shields
 - Level 8.3 Evocations


You had 13 spell levels left.
You didn't know any spells.

Dungeon Overview and Level Annotations

Branches:
Dungeon (9/15)             Temple (1/1) D:4            Lair (6/6) D:8
  Swamp (0/4) Lair:2       Spider (0/4) Lair:4        Slime (0/5) Lair:6
    Orc (0/2) D:9

Altars:
Ashenzari
Cheibriados
Dithmenos
Elyvilon
Fedhas
Gozag
Hepliaklqana
Kikubaaqudgha
Makhleb
Nemelex Xobeh
Okawaru
Qazlal
Ru
Sif Muna
Trog
Uskayaw
Vehumet
Wu Jian
Xom
Yredelemnul
Zin
The Shining One
Beogh

Shops:
D:5 ?   D:6 (   D:7 !   D:9 *

Annotations:
Lair:5 2 transporters


Message History

You can move again.
You feel much better.
Your skin stops crawling.
You feel less resistant to hostile enchantments.
You feel sick.
The hornet stings you but does no damage.
The hornet barely misses you. The lindwurm breathes flames at you.
Helpless, you fail to dodge the blast of flame.
* * * LOW HITPOINT WARNING * * *
The hornet barely misses you.
You hit the lindwurm.
The lindwurm is severely wounded.
You slash the hornet!
You kill the hornet!
Trog accepts your kill.
You feel sick. The lindwurm breathes flames at you.
The blast of flame hits you!
You die...

##.#. #....# #.#.. ###..##
.#....## ##..# #####
.......## #... ##...##
#.P....## ##.. #.....#
#....###### ##. ##....#
##....[##.# ### #.%###
####..#.....#####..
#...####†♣k..##.....#.#...
##........†.#####........#
###....##### #.##.P.###
###### ########


You could see a lindwurm.

Vanquished Creatures
  Gastronok (Lair:2)
  A frost giant (IceCv)
  A fire dragon (Lair:6)
  3 hydras
  3 two-headed ogres
  Erica (D:8)
  3 death yaks
  Nergalle (Lair:1)
  Sonja (Lair:1)
  5 elephants (Lair:5)
  3 black mambas
  6 torpor snails
  10 spiny frogs
  An ice statue (IceCv)
  2 komodo dragons (Lair:5)
  3 rime drakes
  11 polar bears
  5 hornets
  8 blink frogs
  3 tyrant leeches (Lair:6)
  25 dream sheep
  10 hippogriffs
  3 redbacks (Lair:4)
  39 yaks
  A basilisk (Lair:6)
  A warg (Lair:2)
  10 water moccasins
  The ghost of graki42 the Magician, an amateur DEFE of Vehumet (D:4)
  7 porcupines
  7 orc warriors
  An ice beast (D:8)
  2 sky beasts (D:6)
  A black bear (D:7)
  4 necrophages
  28 wolves
  7 centaurs
  3 ogres
  11 crocodiles
  10 bullfrogs
  A gnoll sergeant (D:8)
  6 scorpions
  2 water moccasin skeletons
  4 killer bees (D:9)
  A howler monkey (D:6)
  2 bullfrog zombies (D:7)
  5 crimson imps
  A quasit (D:9)
  5 hounds
  A gnoll shaman (D:8)
  2 jellies
  10 orc wizards
  9 orc priests
  3 iguanas
  4 worker ants
  A killer bee zombie (D:5)
  The ghost of Goblin1989 the Chopper, a weakling NaBe of Trog (D:3)
  A hound zombie (D:7)
  A worker ant zombie (D:8)
  7 adders
  14 gnolls
  3 shadow imps
  An ooze (D:7)
  3 adder skeletons
  A dart slug (D:1)
  4 leopard geckos
  63 orcs
  4 bats
  4 giant cockroaches
  6 goblins
  5 hobgoblins
  9 jackals
  3 quokkas
  6 ball pythons
  3 frilled lizards
  6 kobolds
  2 quokka zombies (D:7)
  7 rats
  5 fungi
  4 plants
463 creatures vanquished.

Vanquished Creatures (others)
  2 polar bears (IceCv)
  2 wolves (IceCv)
  A bush (D:7)
  5 fungi
  18 plants
28 creatures vanquished.

Grand Total: 491 creatures vanquished

Notes
Turn   | Place    | Note
-------+----------+-------------------------------------------
     0 | D:1      | Megalobster the Hill Orc Fighter began the quest for the Orb.
     0 | D:1      | Reached XP level 1. HP: 19/19 MP: 1/1
    52 | D:1      | Reached skill level 3 in Axes
   228 | D:1      | Reached XP level 2. HP: 26/27 MP: 2/2
   690 | D:1      | Found a shattered altar of Ashenzari.
   754 | D:2      | Reached XP level 3. HP: 32/33 MP: 3/3
  1095 | D:2      | Found a faded altar of an unknown god.
  1226 | D:2      | Found a shimmering altar of Xom.
  1424 | D:2      | Found a white marble altar of Elyvilon.
  1424 | D:2      | Found a shimmering altar of Xom.
  1424 | D:2      | Found a shadowy altar of Dithmenos.
  1573 | D:2      | Noticed a scorpion
  1580 | D:2      | Killed a scorpion
  1580 | D:2      | Reached skill level 4 in Axes
  1580 | D:2      | Reached XP level 4. HP: 36/40 MP: 4/4
  2054 | D:3      | Found a deep blue altar of Sif Muna.
  2057 | D:3      | Noticed Goblin1989's ghost (weakling NaBe)
  2094 | D:3      | Killed Goblin1989's ghost
  2094 | D:3      | Reached XP level 5. HP: 47/47 MP: 5/5
  2417 | D:4      | Noticed graki42's ghost (amateur DEFE)
  2431 | D:4      | Killed graki42's ghost
  2431 | D:4      | Reached skill level 5 in Axes
  2431 | D:4      | Reached XP level 6. HP: 27/53 MP: 6/6
  2630 | D:4      | Reached skill level 5 in Fighting
  2630 | D:4      | Reached skill level 6 in Axes
  2936 | D:4      | Reached XP level 7. HP: 61/61 MP: 7/7
  2957 | D:4      | Found a staircase to the Ecumenical Temple.
  3104 | Temple   | Entered the Ecumenical Temple
  3238 | Temple   | Became a worshipper of Trog the Wrathful
  3737 | D:5      | Entered Level 5 of the Dungeon
  3743 | D:5      | Found Ucsotits's Magic Scroll Emporium.
  3746 | D:5      | Bought a scroll of fog for 20 gold pieces
  3746 | D:5      | Bought a scroll of silence for 75 gold pieces
  3746 | D:5      | Bought a scroll of teleportation for 30 gold pieces
  3746 | D:5      | Bought a scroll of identify for 20 gold pieces
  3746 | D:5      | Bought a scroll of identify for 20 gold pieces
  3767 | D:5      | Reached skill level 5 in Armour
  3767 | D:5      | Reached skill level 5 in Shields
  4173 | D:5      | Reached skill level 7 in Axes
  4330 | D:5      | Reached skill level 1 in Evocations
  4904 | D:6      | Reached skill level 1 in Dodging
  4904 | D:6      | Reached XP level 8. HP: 54/70 MP: 7/9
  5122 | D:6      | Found a white marble altar of Elyvilon.
  5195 | D:6      | Reached * piety under Trog
  5203 | D:6      | Reached skill level 8 in Axes
  5344 | D:6      | Noticed a hippogriff
  5352 | D:6      | Killed a hippogriff
  5596 | D:6      | Reached XP level 9. HP: 68/78 MP: 9/11
  5745 | D:6      | Reached skill level 9 in Axes
  6079 | D:6      | Found Ippab's Weapon Shop.
  6191 | D:7      | Found Luam's Distillery.
  6237 | D:6      | Reached ** piety under Trog
  6395 | D:7      | Found a flagged portal.
  6421 | Bailey   | Entered a bailey
  6421 | Bailey   | Noticed an orc knight
  6422 | Bailey   | Noticed an orc knight
  6465 | Bailey   | Noticed an orc knight
  6591 | D:7      | Bought 2 potions of heal wounds for 110 gold pieces
  6975 | D:7      | Found a glowing silver altar of Zin.
  7069 | D:7      | Reached skill level 10 in Axes
  7096 | D:7      | Found a blossoming altar of Fedhas.
  7714 | D:8      | Noticed a two-headed ogre
  7726 | D:8      | Killed a two-headed ogre
  7726 | D:8      | Reached XP level 10. HP: 86/86 MP: 13/13
  7802 | D:8      | Reached skill level 11 in Axes
  7914 | D:8      | Noticed Erica
  7925 | D:8      | Killed Erica
  8048 | D:8      | Found a staircase to the Lair.
  8217 | D:8      | Reached skill level 12 in Axes
  8217 | D:8      | Reached XP level 11. HP: 85/95 MP: 13/15
  8502 | D:8      | Reached skill level 13 in Axes
  8502 | D:8      | Reached skill level 5 in Dodging
  8950 | D:9      | Noticed a two-headed ogre
  8957 | D:9      | Killed a two-headed ogre
  9089 | D:9      | Reached *** piety under Trog
  9354 | D:9      | Found a roughly hewn altar of Beogh.
  9433 | D:9      | Found a staircase to the Orcish Mines.
 10101 | D:9      | Found Benlosh's Assorted Antiques.
 10113 | D:9      | Noticed a two-headed ogre
 10128 | D:9      | Killed a two-headed ogre
 10128 | D:9      | Reached XP level 12. HP: 103/103 MP: 16/16
 10145 | D:9      | Reached **** piety under Trog
 10187 | D:9      | Bought a scroll of identify for 54 gold pieces
 10187 | D:9      | Bought a scroll of identify for 54 gold pieces
 10560 | Lair:1   | Entered Level 1 of the Lair of Beasts
 11108 | Lair:1   | Noticed Nergalle
 11120 | Lair:1   | Killed Nergalle
 11461 | Lair:1   | Noticed Sonja
 11471 | Lair:1   | Killed Sonja
 11471 | Lair:1   | Reached skill level 14 in Axes
 11471 | Lair:1   | Reached skill level 5 in Throwing
 11546 | Lair:1   | Reached skill level 10 in Fighting
 12085 | Lair:2   | Noticed Gastronok
 12103 | Lair:2   | Killed Gastronok
 12294 | Lair:2   | Noticed a seven-headed hydra
 12297 | Lair:2   | Found a staircase to the Swamp.
 12303 | Lair:2   | Killed a seven-headed hydra
 12400 | Lair:2   | Noticed a six-headed hydra
 12415 | Lair:2   | Killed a six-headed hydra
 12481 | Lair:2   | Got an encrusted helmet
 12492 | Lair:2   | Identified the cursed -2 helmet of Disguise {+Inv Stlth+} (You found it on level 2 of the Lair of Beasts)
 12670 | Lair:3   | Reached XP level 13. HP: 112/112 MP: 16/18
 12683 | Lair:3   | Received a gift from Trog
 12912 | Lair:3   | Reached skill level 15 in Axes
 12954 | Lair:3   | Found a frozen archway.
 12963 | IceCv    | Entered an ice cave
 12983 | IceCv    | Reached skill level 10 in Armour
 13806 | IceCv    | Noticed a frost giant
 13858 | IceCv    | Killed a frost giant
 14329 | IceCv    | Got a bound bronze ring
 14370 | Lair:3   | Identified the ring of Xom's Condemnation {Fire MR+ MP+9 Str+5 Slay-2} (You found it in an ice cave)
 14546 | Lair:3   | Found an iron altar of Okawaru.
 15233 | Lair:4   | Reached skill level 16 in Axes
 15614 | Lair:4   | Reached XP level 14. HP: 93/124 MP: 17/20
 15721 | Lair:4   | Found a hole to the Spider Nest.
 15755 | Lair:4   | Reached ***** piety under Trog
 16340 | Lair:5   | Found a transporter.
 16724 | Lair:5   | Found a transporter.
 17262 | Lair:6   | Entered Level 6 of the Lair of Beasts
 17746 | Lair:6   | Received a gift from Trog
 17746 | Lair:6   | Reached skill level 17 in Axes
 17831 | Lair:6   | Found a staircase to the Slime Pits.
 17987 | Lair:6   | Found a runed door.
 18222 | Lair:6   | Paralysed by a hornet for 3 turns
 18223 | Lair:6   | HP: 3/189 [hornet (8)]
 18226 | Lair:6   | Killed from afar by a lindwurm

Vault maps used:
D:1:      dpeg_arrival_water_altar
D:2:      gammafunk_temple_overflow_forgotten,
          chequers_ecumenical_altar_simple_redux, grunt_ministairs_14,
          minmay_misc_feat_secret_circle, amethyst_killhole,
          minmay_misc_feat_cross, brannock_xom_greatest_gift
D:3:      old_standard_altar, first_bread
D:4:      minmay_temple_entry_large_hall
D:5:      serial_shops, kennysheep_mini_moat, guppyfry_early_orc_mine
D:6:      serial_shops, kennysheep_little_box, basic_altar
D:7:      kennysheep_mini, enter_bailey_3, serial_shops, nicolae_shop_trees,
          grunt_ogre_cave, fedhas_altar_decomposition
D:8:      grunt_lair_entry_orc_guard_hut, uniq_erica
D:9:      david_orc_5, serial_shops, shop
Temple:   minmay_crystal_spiral_temple
Lair:1:   grunt_megastairs_1, lemuel_fruit_tree, uniq_sonja, uniq_nergalle
Lair:2:   beast_lair_carwin_large_2, minmay_swamp_entry_reptiles, uniq_gastronok
Lair:3:   basic_altar, portal_ice_cave_entry_pillars_1
Lair:4:   spider_nest_entry_webs
Lair:5:   gammafunk_cloud_chamber
Lair:6:   wormcave, slime_dummy, serial_bayou_crossing
Bailey:   bailey_polearm_4, bailey
IceCv:    ice_cave_caverns_03

Skill      XL: |  1  2  3  4  5  6  7  8  9 10 11 12 13 14 |
---------------+-------------------------------------------+-----
Axes           | 3 4 5 6 7 8 10 12 13 14 16 17 | 17.5
Fighting       | 4 5 6 7 9 10 11 12 | 12.0
Shields        | 4 5 6 |  6.8
Armour         | 4 5 6 7 8 9 10 11 | 11.2
Evocations     | 1 2 4 6 7 8 |  8.3
Dodging        | 1 2 3 4 5 6 7 8 |  8.0
Throwing       | 4 5 6 7 |  7.5

Action                   |  1- 3 |  4- 6 |  7- 9 | 10-12 | 13-15 || total
-------------------------+-------+-------+-------+-------+-------++-------
Melee: War axe           |   110 |   106 |   386 |   510 |   281 ||  1393
       Flail             |       |       |       |    25 |       ||    25
       Battleaxe         |       |       |       |       |   265 ||   265
       Executioner's axe |       |       |       |       |    60 ||    60
Throw: Stone             |       |     5 |    23 |    40 |       ||    68
       Tomahawk          |       |       |     2 |       |    34 ||    36
Invok: Burn Spellbooks   |       |       |     2 |       |     3 ||     5
       Berserk           |       |       |     5 |    12 |    18 ||    35
       Trog's Hand       |       |       |     3 |    12 |    12 ||    27
Evoke: Wand              |       |       |     1 |       |       ||     1
  Use: Potion            |       |     1 |     1 |     1 |     9 ||    12
       Scroll            |       |       |     9 |     8 |       ||    17
  Eat: Chunk             |     2 |     4 |    16 |    24 |    32 ||    78
       Fruit             |       |     1 |     3 |     2 |     1 ||     7
       Royal jelly       |       |       |     1 |     1 |     3 ||     5
       Bread ration      |       |       |       |     1 |       ||     1
Armor: Scale mail        |    64 |    45 |   166 |   180 |   249 ||   704
       Skin              |       |       |       |       |    43 ||    43
Dodge: Dodged            |    40 |    38 |   144 |   205 |   367 ||   794
Block: Shield            |    73 |    55 |   241 |   254 |   152 ||   775

Table legend:
 A = Spawn XP
 B = Non-spawn XP
 C = Spawn XP percentage of total XP
 D = Spawn monster count
 E = Non-spawn monster count
 F = Spawn count percentage of total count
 G = Total turns spent on level
                    A         B        C        D         E        F      G
               +---------+---------+-------+---------+---------+-------+---------
         Total |       0 |   68436 |   0.0 |       0 |     454 |   0.0 | 18226
               +---------+---------+-------+---------+---------+-------+---------
           D:1 |       0 |      33 |   0.0 |       0 |      19 |   0.0 |   744
           D:2 |       0 |     107 |   0.0 |       0 |      15 |   0.0 |   934
           D:3 |       0 |      62 |   0.0 |       0 |      15 |   0.0 |   691
           D:4 |       0 |     593 |   0.0 |       0 |      24 |   0.0 |  1428
           D:5 |       0 |     330 |   0.0 |       0 |      11 |   0.0 |   903
           D:6 |       0 |    1791 |   0.0 |       0 |      40 |   0.0 |  1437
           D:7 |       0 |    1304 |   0.0 |       0 |      37 |   0.0 |  1244
           D:8 |       0 |    3788 |   0.0 |       0 |      31 |   0.0 |  1400
           D:9 |       0 |    3913 |   0.0 |       0 |      59 |   0.0 |  1558
        Lair:1 |       0 |    4626 |   0.0 |       0 |      17 |   0.0 |  1427
        Lair:2 |       0 |    6831 |   0.0 |       0 |      20 |   0.0 |   738
        Lair:3 |       0 |    5319 |   0.0 |       0 |      30 |   0.0 |  1102
        Lair:4 |       0 |    6814 |   0.0 |       0 |      29 |   0.0 |   818
        Lair:5 |       0 |    6899 |   0.0 |       0 |      20 |   0.0 |  1221
        Lair:6 |       0 |   14267 |   0.0 |       0 |      45 |   0.0 |   964
        Bailey |       0 |     133 |   0.0 |       0 |       1 |   0.0 |    61
         IceCv |       0 |   11626 |   0.0 |       0 |      41 |   0.0 |  1384
               +---------+---------+-------+---------+---------+-------+---------
